 Dungeon Crawl Stone Soup version 0.26-a0-466-g989023bd0d (webtiles) character file.

Game seed: 12688393699320692888

315 vurker the Chiller (level 6, -1/36 HPs)
             Began as a Kobold Ice Elementalist on July 30, 2020.
             Engulfed by a cloud of steam (7 damage)
             ... in a sewer.
             The game lasted 00:04:40 (3191 turns).

vurker the Chiller (Kobold Ice Elementalist)        Turns: 3191, Time: 00:04:41

Health: -1/36      AC:  6    Str:  6    XL:     6   Next: 72%
Magic:  0/12       EV: 15    Int: 18    God:
Gold:   169        SH:  0    Dex: 15    Spells: 5/13 levels left

rFire    . . .     SeeInvis .   l - +0 dagger
rCold    . . .     Faith    .   (shield restricted)
rNeg     . . .     Spirit   .   a - +0 robe
rPois    .         Reflect  .   (no helmet)
rElec    .         Harm     .   (no cloak)
rCorr    .                      (no gloves)
MR       .....                  (no boots)
Stlth    +++.......             (no amulet)
HPRegen  0.12/turn              j - +4 ring of protection
MPRegen  0.13/turn              (no ring)

@: no status effects
A: small, nightstalker 3
a: no special abilities


You were in a sewer.
You visited 1 branch of the dungeon, and saw 3 of its levels.
You also visited: Sewer.

You collected 169 gold pieces.

Inventory:

Hand Weapons
 l - a +0 dagger (weapon)
   (You took it off a goblin on level 2 of the Dungeon)
Armour
 a - a +0 robe (worn)
Jewellery
 j - a +4 ring of protection (left hand)
   (You found it on level 1 of the Dungeon)
Scrolls
 b - 2 scrolls of amnesia {unknown}
 c - a scroll of identify {unknown}
 e - 2 scrolls of noise {unknown}
 f - 2 scrolls of remove curse
 g - 4 scrolls of teleportation
 h - a scroll of immolation {unknown}
 i - a scroll of fog
 k - a scroll of random uselessness {unknown}
Potions
 d - 3 potions of brilliance {unknown}
 m - 2 potions of might {unknown}
 o - a potion of stabbing {unknown}


   Skills:
 + Level 2.4 Fighting
 - Level 2.4 Dodging
 - Level 2.6 Stealth
 * Level 4.1 Spellcasting
 * Level 2.4 Conjurations
 * Level 5.3 Ice Magic


You had 5 spell levels left.
You knew the following spells:

 Your Spells              Type           Power        Failure   Level
a - Freeze                Ice            ###.         1%          1
b - Frozen Ramparts       Ice            ###...       4%          3
c - Hailstorm             Conj/Ice       ###.....     28%         4

Your spell library contained the following spells:

 Spells                   Type           Power        Failure   Level
 Ozocubu's Armour         Ice            ###.....     4%          3
 Summon Ice Beast         Ice/Summ       ##......     43%         4


Dungeon Overview and Level Annotations

Branches:
Dungeon (3/15)              Sewer (1/1)

Altars:
Fedhas


Innate Abilities, Weirdness & Mutations

You are small and have problems with some larger weapons.
You are completely attuned to the shadows.


Message History

You are mesmerised by the sickly merfolk siren!
You cannot move away from the sickly merfolk siren!
The walls around you are covered in ice.
The sickly merfolk siren chants its luring song.
The wall freezes the rat.
You kill the rat!
You cannot move away from the sickly merfolk siren!
The sickly merfolk siren chants its luring song.
The sickly merfolk siren chants its luring song.
The sickly merfolk siren chants its luring song.
The sickly merfolk siren chants its luring song.
You cannot move away from the sickly merfolk siren!
You cannot move away from the sickly merfolk siren!
The sickly merfolk siren chants its luring song.
Aim: a sickly merfolk siren, wielding a +2 antimagic trident (mesmerising, chance to defeat MR: 15%)
You are no longer entranced.
You hear a splash.
The sickly merfolk siren evaporates and reforms as a steam dragon!
The now-empty wand crumbles to dust.
Okay, then.
The frozen ramparts melt away.
The walls around you are covered in ice.
The wall freezes the steam dragon. x2; The steam dragon barely misses you.
The steam dragon claws you.
You don't have enough magic to cast that spell.
You hit the steam dragon but do no damage.
The wall freezes the steam dragon.
The steam dragon closely misses you.
The steam dragon claws you but does no damage.
You closely miss the steam dragon.
The wall freezes the steam dragon.
The steam dragon bites you.
The steam dragon claws you but does no damage.
You hit the steam dragon but do no damage.
The wall freezes the steam dragon.
The steam dragon misses you.
The steam dragon claws you but does no damage.
You closely miss the steam dragon.
The wall freezes the steam dragon.
The steam dragon misses you. x2
You barely miss the steam dragon.
The wall freezes the steam dragon.
The steam dragon bites you. The steam dragon claws you.
You closely miss the steam dragon.
The frozen ramparts melt away.
The steam dragon breathes steam at you. The ball of steam hits you!
* * * LOW HITPOINT WARNING * * *
Aim: a steam dragon (almost dead, catching its breath)
You freeze the steam dragon.
You kill the steam dragon!
The merfolk siren returns to its original shape as it dies.
Your Spellcasting skill increases to level 4!
Your Conjurations skill increases to level 2!
You are engulfed in a cloud of scalding steam.
You die...

#### ##≈.##
###≈≈≈.######
#∩∩≈≈≈≈...†..
#############
##########≈≈≈≈≈≈≈≈≈≈
$$
#≈≈§≈≈≈≈≈≈≈≈≈≈≈..≈..
..≈.
###≈§§#############.†#
####§###≈≈≈#@# ####
#≈≈§§§≈)†≈##†#
#≈m§§§...D...#
#≈≈§.§.#######
≈≈§§§§## ≈..§### ####


There were no monsters in sight!

Vanquished Creatures
  A steam dragon (Sewer)
  Natasha (thrice) (D:2)
  4 adders (D:2)
  A worm (D:3)
  2 dart slugs
  A leopard gecko (D:2)
  7 bats
  A giant cockroach (Sewer)
  8 goblins
  5 hobgoblins
  11 jackals
  A quokka (D:2)
  8 frilled lizards
  5 kobolds
  18 rats
76 creatures vanquished.

Notes
Turn   | Place    | Note
-------+----------+-------------------------------------------
     0 | D:1      | vurker the Kobold Ice Elementalist began the quest for the
                  | Orb.
     0 | D:1      | Reached XP level 1. HP: 10/10 MP: 3/3
   246 | D:1      | Reached XP level 2. HP: 9/16 MP: 0/5
  1060 | D:1      | Reached XP level 3. HP: 20/20 MP: 1/7
  1282 | D:2      | Learned a level 3 spell: Frozen Ramparts
  1289 | D:2      | Reached skill level 1 in Fighting
  1611 | D:2      | Reached XP level 4. HP: 25/25 MP: 3/8
  1690 | D:2      | Learned a level 4 spell: Hailstorm
  1877 | D:2      | Noticed Natasha
  1881 | D:2      | Killed Natasha
  2056 | D:2      | Found a blossoming altar of Fedhas.
  2076 | D:2      | Noticed Natasha
  2089 | D:2      | Killed Natasha
  2089 | D:2      | Reached skill level 1 in Conjurations
  2089 | D:2      | Reached XP level 5. HP: 30/30 MP: 10/10
  2443 | D:2      | Noticed Natasha
  2480 | D:2      | Killed Natasha
  2480 | D:2      | Reached skill level 5 in Ice Magic
  2933 | D:3      | Found a glowing drain.
  2946 | Sewer    | Entered a sewer
  3165 | Sewer    | Reached XP level 6. HP: 35/35 MP: 3/11
  3179 | Sewer    | Noticed a steam dragon
  3179 | Sewer    | a sickly merfolk siren changed into a steam dragon
  3191 | Sewer    | Killed a steam dragon
  3191 | Sewer    | Engulfed by a cloud of steam

Illustrated notes

Levels and vault maps discovered:
D:1:      minmay_arrival_wavy_path, layout_basic, corexii_hall_statues_i
D:2:      layout_basic, serial_bayou_ford_a, fedhas_altar_3, uniq_natasha
D:3:      layout_loops_ring, cheibrodos_sewer_entry_drain
Sewer:    sewer_sea

Skill      XL: |  1  2  3  4  5  6 |
---------------+-------------------+-----
Fighting       | 1 2 |  2.4
Spellcasting   | 3 4 |  4.1
Conjurations   | 1 2 |  2.4
Ice Magic      | 5 |  5.3
Dodging        | |  2.4
Stealth        | |  2.6

Action                   |  1- 3 |  4- 6 || total
-------------------------+-------+-------++-------
Melee: Unarmed           |    10 |     7 ||    17
       Dagger            |       |    12 ||    12
 Cast: Freeze            |    37 |    48 ||    85
       Frozen Ramparts   |     3 |     8 ||    11
Evoke: Wand              |       |     1 ||     1
  Use: Scroll            |       |     3 ||     3
 Stab: Sleeping          |       |     1 ||     1
Armor: Robe              |     8 |    16 ||    24
       Skin              |       |     2 ||     2
Dodge: Dodged            |    23 |    40 ||    63

Table legend: (Time is in decaauts)
 A = Elapsed time spent in this place.
 B = Non-inter-level travel time spent in this place.
 C = Inter-level travel time spent in this place.
 D = Time resting spent in this place.
 E = Time spent auto-exploring this place.
 F = Levels seen in this place.
 G = Mean time per level.
                   A        B        C        D        E       F      G
               +--------+--------+--------+--------+--------+-----+--------+
         Total |   3200 |   3163 |     37 |     63 |   2668 |   4 |  800.0 |
       Dungeon |   2945 |   2908 |     37 |     63 |   2494 |   3 |  981.7 |
         Sewer |    254 |    254 |      0 |      0 |    174 |   1 |  254.0 |
               +--------+--------+--------+--------+--------+-----+--------+

Top non-repeatable levels by time:
     D:2: 1514 daAuts
     D:1: 1343 daAuts
   Sewer: 254 daAuts
     D:3: 88 daAuts
